 Dungeon Crawl Stone Soup version 0.24-a0-228-g05560da (webtiles) character file.

Game seed: 5234837926426899911

41 Hylith the Covered (level 3, -2/33 HPs)
             Began as a Minotaur Fighter on Apr 1, 2019.
             Killed from afar by a white imp (9 damage)
             ... with a puff of frost
             ... summoned by Natasha
             ... on level 2 of the Dungeon.
             The game lasted 00:01:26 (841 turns).

Hylith the Covered (Minotaur Fighter)                Turns: 841, Time: 00:01:28

Health: -2/33      AC:  7    Str: 21    XL:     3   Next: 32%
Magic:  2/2        EV:  7    Int:  5    God:
Gold:   55         SH:  9    Dex: 13    Spells: 2/2 levels left

rFire    + . .     SeeInvis .   a - +0 flail
rCold    . . .     Gourm    .   c - +0 shield
rNeg     . . .     Faith    .   b - +0 scale mail
rPois    .         Spirit   .   (helmet restricted)
rElec    .         Reflect  .   (no cloak)
rCorr    .         Harm     .   (no gloves)
MR       .....                  (no boots)
Stlth    ..........             (no amulet)
HPRegen  0.11/turn              k - ring of protection from fire
MPRegen  0.08/turn              l - +4 ring of dexterity

@: slowed, very slow
A: retaliatory headbutt, horns 2
a: no special abilities


You were on level 2 of the Dungeon.
You were not hungry.

You visited 1 branch of the dungeon, and saw 2 of its levels.

You collected 55 gold pieces.

Inventory:

Hand Weapons
 a - a +0 flail (weapon)
Armour
 b - a +0 scale mail (worn)
 c - a +0 shield (worn)
Jewellery
 k - a ring of protection from fire (left hand)
 l - a +4 ring of dexterity (right hand)
 q - an uncursed amulet of the acrobat {unknown}
Scrolls
 e - 3 scrolls of noise {unknown}
 h - a scroll of enchant weapon {unknown}
 n - a scroll of fog {unknown}
 o - a scroll of blinking {unknown}
 p - a scroll of teleportation {unknown}
Potions
 d - a potion of might
 g - a potion of lignification {unknown}
 j - a potion of degeneration {unknown}
 m - a potion of ambrosia {unknown}
Comestibles
 f - a ration
 i - a chunk of flesh


   Skills:
 + Level 4.1 Fighting
 + Level 3.0 Maces & Flails
 + Level 4.2 Armour
 + Level 4.0 Shields


You had 2 spell levels left.
You didn't know any spells.
Your spell library was empty.

Dungeon Overview and Level Annotations

Branches:
Dungeon (2/15)

Altars:

Annotations:
D:2 Natasha


Innate Abilities, Weirdness & Mutations

You reflexively headbutt those who attack you in melee.
You have a pair of horns on your head.


Message History

The puff of frost misses you. Natasha claws you.
* * * LOW HITPOINT WARNING * * *
The white imp barely misses you. You block Natasha's attack.
You hit Natasha.
Natasha is severely wounded.
The white imp hits you.
* * * LOW HITPOINT WARNING * * *
The white imp freezes you.
* * * LOW HITPOINT WARNING * * *
Natasha barely misses you. You furiously retaliate!
You headbutt Natasha.
The white imp hits you but does no damage.
Natasha casts a spell at you. You resist with significant effort.
You barely miss Natasha. You headbutt Natasha.
Natasha is almost dead.
The white imp barely misses you. You furiously retaliate!
You headbutt the white imp. Natasha barely misses you.
The white imp gestures at you. The puff of frost hits you!
You die...

#..###### #......$.#
#........# ##........#
.....(...# #........#
#.####5.......#
##....h@.......# ##
....####)<.....#########
.#
....'....รท.....##......#
.#
......###(#'#.##########.#
.# .....# #.#.# # #.# ####
....###.#.# #.# ...#
#.....#.#(# #.# ...#
#.....#.#.#.# #.# ...#
#.....#.#.#.# #.#


You could see Natasha and a white imp.

Vanquished Creatures
  An ooze (D:2)
  2 dart slugs (D:1)
  3 leopard geckos (D:2)
  5 bats (D:1)
  2 goblins (D:1)
  3 hobgoblins (D:1)
  4 frilled lizards
  3 kobolds
  A leopard gecko zombie (D:2)
  6 rats
30 creatures vanquished.

Notes
Turn   | Place    | Note
-------+----------+-------------------------------------------
     0 | D:1      | Hylith the Minotaur Fighter began the quest for the Orb.
     0 | D:1      | Reached XP level 1. HP: 19/19 MP: 0/0
   120 | D:1      | Reached XP level 2. HP: 23/27 MP: 1/1
   640 | D:2      | Reached XP level 3. HP: 33/33 MP: 2/2
   830 | D:2      | Noticed Natasha
   841 | D:2      | Killed from afar by a white imp

Levels and vault maps discovered:
D:1:      co_arrival_square_in_a_square_in_a_square, layout_loops_ring,
          serial_bayou_crossing
D:2:      layout_basic, uniq_jessica, uniq_natasha

Skill      XL: |  1  2  3 |
---------------+----------+-----
Armour         | 4 |  4.2
Fighting       | 4 |  4.1
Shields        | 4 |  4.0
Maces & Flails | 3 |  3.0

Action                   || total
-------------------------++-------
Melee: Flail             ||    61
       Headbutt          ||     7
Armor: Scale mail        ||    24
Dodge: Dodged            ||    28
Block: Shield            ||    28

Table legend:
 A = Non-vault XP
 B = Vault XP
 C = Vault XP percentage of total XP
 D = Non-vault monster count
 E = Vault monster count
 F = Vault count percentage of total count
                 A         B        C        D         E       F
            +---------+---------+-------+---------+---------+-------
      Total |      59 |       0 |   0.0 |      30 |       0 |   0.0
            +---------+---------+-------+---------+---------+-------
        D:1 |      35 |       0 |   0.0 |      19 |       0 |   0.0
        D:2 |      24 |       0 |   0.0 |      11 |       0 |   0.0
            +---------+---------+-------+---------+---------+-------
